 Dungeon Crawl Stone Soup version 0.28.0-53-g5a82cb258f (webtiles) character file.

Game seed: 10088095463726213388

56 H0rd4k the Charlatan (level 4, 0/33 HPs)
             Began as a Human Artificer on July 12, 2022.
             Succumbed to a kobold brigand's poison
             ... in a sewer.
             The game lasted 00:02:58 (3474 turns).

H0rd4k the Charlatan (Human Artificer)              Turns: 3474, Time: 00:02:58

Health: 0/33       AC:  3    Str: 12    XL:     4   Next: 15%
Magic:  4/4        EV: 11    Int: 13    God:
Gold:   79         SH:  0    Dex: 14    Spells: 3/3 levels left

rFire   . . .      SeeInvis .   l - +1 dagger (pain)
rCold   . . .      Faith    .   (no shield)
rNeg    . . .      Spirit   .   b - +0 leather armour
rPois   .          Reflect  .   (no helmet)
rElec   .          Harm     .   (no cloak)
rCorr   .          Rampage  .   (no gloves)
Will    .....                   (no boots)
Stlth   +.........              (no amulet)
HPRegen 0.11/turn               (no ring)
MPRegen 0.09/turn               (no ring)

@: lethally poisoned (0 -> -10)
A: no striking features
a: no special abilities


You were in a sewer.
You visited 1 branch of the dungeon, and saw 3 of its levels.
You also visited: Sewer.

You collected 79 gold pieces.

Inventory:

Hand Weapons
 a - a +0 club
 l - a +1 dagger of pain (weapon)
Armour
 b - a +0 leather armour (worn)
Wands
 c - a wand of flame (10) (quivered)
 d - a wand of charming (11)
Scrolls
 f - a scroll of enchant armour {unknown}
 i - a scroll of teleportation {unknown}
 j - a scroll of identify {unknown}
 m - a scroll of fog {unknown}
Potions
 h - a potion of heal wounds {unknown}
 k - a potion of haste {unknown}
 n - a potion of ambrosia {unknown}
Miscellaneous
 e - a piece from Xom's chessboard (15/15)


   Skills:
 + Level 1.8 Fighting
 + Level 0.3 Short Blades
 + Level 1.9 Maces & Flails
 - Level 2.1 Armour
 + Level 1.3 Dodging
 - Level 1.0 Stealth
 + Level 3.4 Evocations


You had 3 spell levels left.
You didn't know any spells.
Your spell library was empty.

Dungeon Overview and Level Annotations

Branches:
Dungeon (3/15)              Sewer (1/1)

Altars:
Sif Muna


Message History

Your endoplasm freezes the kobold brigand.
The kobold brigand is frozen.
Unknown command.
Unknown command.
Unknown command.
It was a potion of curing.
You feel better.
The kobold brigand throws a poisoned dart.
The poisoned dart hits you!
You are poisoned.
Your endoplasm freezes the kobold brigand.
The kobold brigand is frozen.
Saving game... please wait.
Welcome back, H0rd4k the Human Artificer.
Press ? for a list of commands and other information.
Aiming: Charm
Press: ? - help, Shift-Dir - straight line, f - kobold brigand
Aim: a kobold brigand, wielding a +0 club and quivering poisoned darts (severely wounded, ally target, chance to affect: 58%)
The kobold brigand resists with significant effort.
You feel sick.
Your endoplasm freezes the kobold brigand.
The kobold brigand is frozen.
The kobold brigand throws a poisoned dart.
The poisoned dart hits you!
You are lethally poisoned!
Aiming: Charm
Press: ? - help, Shift-Dir - straight line, f/p - kobold brigand
Aim: a kobold brigand, wielding a +0 club and quivering poisoned darts (almost dead, ally target, chance to affect: 58%)
The kobold brigand is charmed.
* * * LOW HITPOINT WARNING * * *
You feel very sick. What are your orders? t - Shout!
Orders for allies: a - Attack new target. p - Attack previous target. r - Retreat! s - Stop attacking. g - Guard the area. f - Follow me.
Anything else - Cancel.
Guard this area!
* * * LOW HITPOINT WARNING * * *
You feel sick.
You die...

..≈≈≈.≈.≈ #######≈≈≈
≈≈≈≈.≈≈≈. ##≈......##
#....≈≈.# #≈≈≈.≈≈≈.#
##≈≈.≈..≈####≈≈..≈≈.≈##
.##≈≈≈.≈≈≈.≈##.≈.≈####≈†≈
≈....≈≈≈≈≈.≈.≈..≈## ####
≈≈≈≈....≈≈≈...≈≈##
≈≈.....∩...≈≈..≈#
≈.≈≈.≈.J@.≈≈.≈≈.#
≈≈..≈..∩....≈.≈≈#
≈....≈.K≈.≈...≈≈#
.≈≈≈≈....≈.≈≈≈≈≈≈#
.##≈..≈≈.≈.≈##.≈..#
##≈≈.≈≈..####≈≈...
#..≈≈.≈≈# ..≈≈.
#≈≈≈.≈≈≈.≈ #≈.≈.
.≈≈≈.≈≈≈≈≈. ##


You could see a friendly kobold brigand (charmed, wandering) and a friendly
endoplasm (charmed, wandering).

Vanquished Creatures
  A river rat (Sewer)
  A worm (D:2)
  2 dart slugs (D:2)
  2 endoplasms (D:1)
  4 giant cockroaches
  5 goblins
  4 hobgoblins
  4 quokkas
  3 ball pythons (D:1)
  2 bats
  2 frilled lizards
  2 kobolds
  6 rats
38 creatures vanquished.

Notes
Turn   | Place    | Note
-------+----------+-------------------------------------------
     0 | D:1      | H0rd4k the Human Artificer began the quest for the Orb.
     0 | D:1      | Reached XP level 1. HP: 15/15 MP: 1/1
   355 | D:1      | Reached XP level 2. HP: 19/21 MP: 2/2
  1688 | D:2      | Found a faded altar of an unknown god.
  1704 | D:2      | Reached skill level 1 in Maces & Flails
  1704 | D:2      | Reached XP level 3. HP: 11/26 MP: 3/3
  2430 | D:2      | Found a shimmering blue altar of Sif Muna.
  3096 | D:3      | Found a glowing drain.
  3171 | Sewer    | Entered a sewer
  3424 | Sewer    | Noticed a kobold brigand
  3438 | Sewer    | Reached XP level 4. HP: 9/33 MP: 4/4
  3474 | Sewer    | Succumbed to a kobold brigand's poison

Illustrated notes

Levels and vault maps discovered:
D:1:      dpeg_arrival_ternary, layout_basic
D:2:      layout_loops_cross, basic_altar,
          shapermc_ecumenical_altar_starsandcircs, minmay_strange_pillars,
          solitary_fountain, supply_closet_lemuel, st_stairs_6
D:3:      layout_basic, serial_corexii_hall, corexii_hall_statues_deadend,
          corexii_hall_statues_i, chequers_hall_statues_y,
          corexii_hall_statues_i, portal_sewer_entry_f
Sewer:    sewer_co_tree

Skill      XL: |  1  2 |
---------------+-------+-----
Maces & Flails | 1 |  1.9
Fighting       | |  1.8
Short Blades   | |  0.3
Armour         | |  2.1
Dodging        | |  1.3
Stealth        | |  1.0
Evocations     | |  3.4

Action                   |  1- 3 |  4- 6 || total
-------------------------+-------+-------++-------
Melee: Club              |   111 |       ||   111
       Punch             |     2 |       ||     2
       Dagger            |   105 |     2 ||   107
Evoke: Wand              |     3 |     6 ||     9
  Use: Potion            |       |     1 ||     1
 Stab: Sleeping          |     1 |       ||     1
Armor: Leather armour    |    59 |     1 ||    60
Dodge: Dodged            |   128 |     2 ||   130
